 Seeded DCSS version 0.30-a0-859-gf88a04b62d (webtiles) character file.

Game seed: 6433510216138347027 (custom seed)

226 IndexError the Shooter (level 6, -2/38 HPs)
             Began as a Gargoyle Hunter on Mar 5, 2023.
             Was an Initiate of Hepliaklqana.
             Slain by an orc priest
             ... wielding a +2 war axe of freezing
              (7 damage)
             ... on level 4 of the Dungeon on Mar 6, 2023.
             The game lasted 00:03:13 (2356 turns).

IndexError the Shooter (Gargoyle Hunter)            Turns: 2356, Time: 00:03:14

Health: -2/38      AC:  7    Str: 15    XL:     6   Next: 1%
Magic:  6/6        EV: 11    Int:  9    God:    Hepliaklqana [......]
Gold:   260        SH:  0    Dex: 15    Spells: 5/5 levels left

rFire   . . .      SeeInvis .    a - +0 shortbow
rCold   . . .      Faith    .    (shield currently unavailable)
rNeg    + . .      Spirit   .    c - +0 leather armour
rPois   ∞          Reflect  .    (no helmet)
rElec   +          Rampage  .    (no cloak)
rCorr   .                        (no gloves)
Will    .....                    (no boots)
Stlth   ++                       (no amulet)
HPRegen 0.26/turn                (no ring)
MPRegen 0.10/turn                (no ring)

@: no status effects
A: sickness immunity, AC +4, negative energy resistance 1, electricity
resistance, torment resistance 1, petrification resistance
a: Renounce Religion


You were on level 4 of the Dungeon.
You worshipped Hepliaklqana.
Hepliaklqana was noncommittal.
You visited 2 branches of the dungeon, and saw 5 of its levels.

You collected 260 gold pieces.

Inventory:

Hand Weapons
 a - a +0 shortbow (weapon)
Missiles
 i - 4 atropa-tipped darts
Armour
 c - a +0 leather armour (worn)
Scrolls
 b - 2 scrolls of immolation {!r}
 d - a scroll of vulnerability {unknown}
 f - a scroll of noise {unknown}
 h - 2 scrolls of enchant weapon {unknown}
 j - a scroll of identify {unknown}
 k - a scroll of fear {unknown}
 l - a scroll of butterflies {unknown}
 m - a scroll of enchant armour {unknown}
 p - a scroll of brand weapon {unknown}
 s - 2 scrolls of blinking {unknown}
Potions
 e - 2 potions of might {unknown}
 g - 3 potions of degeneration {unknown}
 n - 2 potions of heal wounds {unknown}
 o - a potion of brilliance {unknown}
 q - a potion of magic {unknown}
 r - a potion of flight {unknown}
 t - a potion of attraction {unknown}
 u - a potion of curing {unknown}
 v - a potion of berserk rage {unknown}


   Skills:
 + Level 4.1 Fighting
 * Level 6.2 Ranged Weapons
 - Level 1.5 Dodging
 - Level 1.1 Stealth


You had 5 spell levels left.
You didn't know any spells.
Your spell library contained the following spells:

 Spells                   Type           Power      Damage    Failure   Level
 Blink                    Tloc           0%         N/A       58%         2
 Lesser Beckoning         Tloc           0%         N/A       58%         2
 Momentum Strike          Conj/Tloc      0%         3d8       58%         2
 Poisonous Vapours        Pois/Air       0%         N/A       58%         2
 Ignite Poison            Fire/Tmut/Pois 0%         N/A       83%         3
 Olgreb's Toxic Radiance  Pois           0%         N/A       99%         4


Dungeon Overview and Level Annotations

Branches:
Dungeon (4/15)             Temple (1/1) D:4

Altars:
Dithmenos
Elyvilon
Gozag
Hepliaklqana
Kikubaaqudgha
Nemelex Xobeh
Okawaru
Qazlal
Ru
Sif Muna
Vehumet
Wu Jian
Xom
Yredelemnul
Zin
The Shining One

Shops:
D:3 *


Innate Abilities, Weirdness & Mutations

You are immune to sickness and miasma.
Your stone body is resilient. (AC +4)
You are immune to poison.
You resist negative energy. (rN+)
You are resistant to electric shocks. (rElec)
You are resistant to unholy torment.
You are immune to petrification.


Message History

There is an open door here.
There is an open door here.
There is an open door here.
There is an open door here.
Found a white marble altar of Elyvilon.
Health restored: 33 A kobold comes into view.
It is wielding a +0 short sword.
The kobold shouts!
A ball python comes into view.
A quokka comes into view.
The kobold moves out of view.
There are monsters nearby!
You shoot an arrow.
The arrow barely misses the ball python.
The arrow hits the quokka.
You shoot an arrow. The arrow hits the kobold!
You shoot an arrow.
The arrow barely misses the ball python.
The ball python closely misses you. The ball python grabs you.
The ball python constricts you.
You shoot an arrow. The arrow hits the ball python.
The quokka bites you.
You take 1 damage, and have 32/33 hp.
You shoot an arrow. The arrow hits the quokka.
The quokka bites you but does no damage.
You shoot an arrow. The arrow hits the quokka.
The quokka bites you but does no damage. x2
Health restored: 33 You shoot an arrow.
The arrow hits the quokka!
No target in view!
No target in view!
You see here a quokka corpse.
A jelly comes into view.
Marking area around a jelly as unsafe for travelling.
A jelly is nearby!
A jelly is nearby!
You shoot an arrow. The arrow hits the jelly!
The jelly quivers.
You shoot an arrow. The arrow barely misses the jelly.
You shoot an arrow. The arrow hits the jelly!
You shoot an arrow. The arrow barely misses the jelly.
You shoot an arrow. The arrow hits the jelly!
Your Fighting skill increases to level 4!
You have reached level 6!
Health restored: 38; MP restored: 6 No target in view!
No target in view!
There is an open door here.
There is an open door here.
There is an open door here.
You open the door.
There is an open door here.
You open the door.
Found a stone staircase leading down.
There is an open door here.
You open the door.
There is an open door here.
You open the door.
Found a stone staircase leading down.
There is an open door here.
You open the door. 3 orcs and an orc priest come into view.
An orc is wielding a +1 dagger of speed and quivering silver boomerangs.
The orc priest is wielding a +2 war axe of freezing.
The orc shouts! x2; The orc priest shouts!
The orc priest mumbles some strange prayers to Beogh against you.
Pain shoots through your body!
You take 5 damage, and have 33/38 hp.
There are monsters nearby!
You shoot an arrow. The arrow hits the orc priest!
You shoot an arrow.
The arrow hits the orc priest but does no damage.
You shoot an arrow. The arrow hits the orc priest.
The orc hits you with a +0 short sword.
The orc priest calls down the wrath of Beogh upon you.
Beogh smites you!
You take 19 damage, and have 14/38 hp.
MASSIVE DAMAGE!!
You are too injured to fight recklessly!
You are too injured to fight recklessly!
You are too injured to fight recklessly!
Fire: a) +0 shortbow
Press: ? - help, Q - select action, (/) - cycle Shift-Dir - straight line, f/p - orc priest
Aim: an orc priest, wielding a +2 war axe of freezing and wearing a +0 scale mail (severely wounded, 68% to hit)
You shoot an arrow.
The arrow closely misses the orc priest.
The orc priest closely misses you.
Fire: a) +0 shortbow
Press: ? - help, Q - select action, (/) - cycle Shift-Dir - straight line, f/p - orc priest
Aim: an orc priest, wielding a +2 war axe of freezing and wearing a +0 scale mail (severely wounded, 68% to hit)
You shoot an arrow. The arrow barely misses the orc priest.
The orc priest hits you with a +2 war axe of freezing!
* * * LOW HITPOINT WARNING * * *
The orc priest freezes you.
* * * LOW HITPOINT WARNING * * *
The orc barely misses you. The orc hits you but does no damage.
The orc priest barely misses you.
You take 10 damage, and have 4/38 hp.
MASSIVE DAMAGE!!
Fire: a) +0 shortbow
Press: ? - help, Q - select action, (/) - cycle Shift-Dir - straight line, f/p - orc priest
Aim: an orc priest, wielding a +2 war axe of freezing and wearing a +0 scale mail (severely wounded, 68% to hit)
You shoot an arrow. The arrow barely misses the orc priest.
The orc priest hits you with a +2 war axe of freezing!
You die...

#..................#....#
#..................'..>.#
#..................#....#
#.................)#....#
#..................######
...######.....###+#.......
...#... #.....#...#.......
+....#o....#...#.......
#...oo@....#...'.......
#....#o....#...#.......
#... #.....#...#.......
######.....#.###......)
........###.#........#
........#...'........#
........#...#........#
........#...#........#
........#...#........#


You could see an orc priest and 3 orcs.

Vanquished Creatures
  A scorpion (D:4)
  A jelly (D:4)
  A sleepcap (D:4)
  2 adders
  3 dart slugs
  6 orcs (D:3)
  7 ball pythons
  8 bats
  3 endoplasms
  A giant cockroach (D:2)
  11 goblins
  6 hobgoblins
  2 jackals (D:2)
  3 quokkas
  A frilled lizard (D:1)
  10 kobolds
  5 rats
71 creatures vanquished.

Vanquished Creatures (others)
  3 plants (D:2)
3 creatures vanquished.

Grand Total: 74 creatures vanquished

Notes
Turn   | Place    | Note
-------+----------+-------------------------------------------
     0 | D:1      | IndexError the Gargoyle Hunter began the quest for the Orb.
     0 | D:1      | Reached XP level 1. HP: 12/12 MP: 1/1
     3 | D:1      | Upgraded the game from 0.30-a0-857-gcaf70739d4 to
                  | 0.30-a0-859-gf88a04b62d
   135 | D:1      | Reached XP level 2. HP: 18/18 MP: 2/2
   274 | D:1      | HP: 4/18 [goblin/+0 club (4)]
   465 | D:1      | Reached XP level 3. HP: 15/22 MP: 3/3
   686 | D:2      | Got the Parchment of Toxicity
   868 | D:2      | Found a shadowy altar of Dithmenos.
   883 | D:2      | Reached skill level 3 in Fighting
  1279 | D:3      | Reached skill level 5 in Ranged Weapons
  1349 | D:3      | Found Ukiraco's Assorted Antiques.
  1362 | D:3      | Reached XP level 4. HP: 27/28 MP: 4/4
  1788 | D:4      | Noticed a scorpion
  1792 | D:4      | Killed a scorpion
  1793 | D:4      | Reached XP level 5. HP: 33/33 MP: 5/5
  1821 | D:4      | Found a staircase to the Ecumenical Temple.
  1882 | Temple   | Entered the Ecumenical Temple
  1962 | Temple   | Became a worshipper of Hepliaklqana the Forgotten
  2126 | D:4      | Reached skill level 6 in Ranged Weapons
  2251 | D:4      | Found a white marble altar of Elyvilon.
  2274 | D:4      | Reached skill level 4 in Fighting
  2274 | D:4      | Reached XP level 6. HP: 38/38 MP: 6/6
  2355 | D:4      | HP: 5/38 [orc priest/+2 war axe of freezing (9)]
  2356 | D:4      | Slain by an orc priest

Illustrated notes

Levels and vault maps discovered:
D:1:      grunt_arrival_lava_bath, layout_rooms, chequers_serial_rivers_room_b
D:2:      layout_basic, basic_altar, serial_bayou_lagoon_a
D:3:      layout_rooms, serial_shops, nicolae_shop_advertising_works
          [nicolae_subvault_shop_adworks]
D:4:      layout_gridville, elyvilon_altar_5, minmay_temple_entry_arrows
Temple:   eino_wide_crystal_templ

Skill      XL: |  1  2  3  4  5 |
---------------+----------------+-----
Fighting       | 3 4 |  4.1
Ranged Weapons | 5 6 |  6.2
Dodging        | |  1.5
Stealth        | |  1.1

Action                     |  1- 3 |  4- 6 || total
---------------------------+-------+-------++-------
   Fire: Shortbow          |   148 |    70 ||   218
 Armour: Leather armour    |    41 |    11 ||    52
  Dodge: Dodged            |    89 |    13 ||   102

Table legend: (Time is in decaauts)
 A = Elapsed time spent in this place.
 B = Non-inter-level travel time spent in this place.
 C = Inter-level travel time spent in this place.
 D = Time resting spent in this place.
 E = Time spent auto-exploring this place.
 F = Levels seen in this place.
 G = Mean time per level.
                   A        B        C        D        E       F      G
               +--------+--------+--------+--------+--------+-----+--------+
         Total |   2438 |   2191 |    247 |      0 |   1781 |   5 |  487.6 |
       Dungeon |   2337 |   2127 |    210 |      0 |   1730 |   4 |  584.2 |
        Temple |    100 |     63 |     37 |      0 |     51 |   1 |  100.0 |
               +--------+--------+--------+--------+--------+-----+--------+

Top non-repeatable levels by time:
     D:1: 669 daAuts
     D:2: 663 daAuts
     D:3: 513 daAuts
     D:4: 490 daAuts
  Temple: 100 daAuts

Table legend:
 A = Kills in this place as a percentage of kills in the entire game.
 B = Kills by you in this place as a percentage of kills by you in the entire game.
 C = Kills by friends in this place as a percentage of kills by friends in the entire game.
 D = Other kills in this place as a percentage of other kills in the entire game.
 E = Experience gained in this place as a percentage of experience gained in the entire game.
 F = Experience gained in this place divided by the number of levels of this place that you have seen.
                   A       B       C       D       E      F
               +-------+-------+-------+-------+-------+----------------------
         Total | 100.0 | 100.0 |   N/A |   N/A | 100.0 |  64.6
       Dungeon | 100.0 | 100.0 |   N/A |   N/A | 100.0 |  80.8
               +-------+-------+-------+-------+-------+----------------------
